 Dungeon Crawl Stone Soup version 0.27-a0-46-g34d46f0a3f (webtiles) character file.

Game seed: 1732968497344149512

31 sahdkjhfkaj the Caller (level 3, 0/31 HPs)
             Began as an Ogre Summoner on Jan 6, 2021.
             Killed from afar by a white imp (12 damage)
             ... with a puff of frost
             ... summoned by the player character
             ... on level 1 of the Dungeon.
             The game lasted 00:02:48 (1619 turns).

sahdkjhfkaj the Caller (Ogre Summoner)              Turns: 1619, Time: 00:02:48

Health: 0/31       AC:  3    Str: 12    XL:     3   Next: 22%
Magic:  1/6        EV: 10    Int: 17    God:
Gold:   45         SH:  0    Dex:  9    Spells: 3/6 levels left

rFire    . . .     SeeInvis .   g - -1 short sword (curse)
rCold    . . .     Faith    .   (no shield)
rNeg     . . .     Spirit   .   a - +0 robe
rPois    .         Reflect  .   (helmet restricted)
rElec    .         Harm     .   (no cloak)
rCorr    .         Rampage  .   (gloves unavailable)
Will     .....                  (boots unavailable)
Stlth    ++........             (no amulet)
HPRegen  0.10/turn              (no ring)
MPRegen  0.10/turn              (no ring)

@: no status effects
A: large, unfitting armour, tough skin 1
a: no special abilities


You were on level 1 of the Dungeon.
You visited 1 branch of the dungeon, and saw 1 of its levels.

You collected 45 gold pieces.

Inventory:

Hand Weapons
 g - a cursed -1 short sword (weapon)
Missiles
 c - 47 stones
Armour
 a - a +0 robe (worn)
Scrolls
 b - a scroll of fear {unknown}
 d - a scroll of enchant armour {unknown}
 f - a scroll of identify {unknown}


   Skills:
 - Level 2.0 Dodging
 - Level 1.7 Stealth
 - Level 2.4 Spellcasting
 + Level 4.3 Summonings


You had 3 spell levels left.
You knew the following spells:

 Your Spells              Type           Power        Failure   Level
a - Summon Small Mammal   Summ           64%          3%          1
C - Call Imp              Summ           16%          4%          2

Your spell library contained the following spells:

 Spells                   Type           Power        Failure   Level
 Call Canine Familiar     Summ           16%          10%         3
 Summon Guardian Golem    Hex/Summ       9%           22%         3
 Summon Ice Beast         Ice/Summ       9%           58%         4
 Summon Lightning Spire   Summ/Air       9%           58%         4


Dungeon Overview and Level Annotations

Branches:
Dungeon (1/15)

Altars:
Okawaru


Innate Abilities, Weirdness & Mutations

You are too large for most types of armour.
You have tough skin. (AC +1)


Message History

The goblin hits you but does no damage. The giant cockroach barely misses you.
Your white imp gestures at the giant cockroach.
The puff of frost misses the kobold.
The puff of frost hits the giant cockroach.
The giant cockroach dies!
The kobold throws a stone.
The stone hits you but does no damage.
Items here: ( ) ††.
Unknown command.
Your white imp gestures at the goblin.
The puff of frost hits the kobold!
The kobold dies!
Your crimson imp hits the goblin.
The goblin dies!
Your white imp gestures at the hobgoblin.
The puff of frost hits the hobgoblin.
Items here: ( ) †††.
You swap places.
Your white imp gestures at the hobgoblin.
The puff of frost misses the hobgoblin.
The puff of frost hits you!
You die...

#?........#.).).#.....
+.>......##.._..##....
#.........#.).).#.....
.....................
###.........###...####
#............#...## #
#.........#.....## #
#...5.....#.#####
#...5@g5....#
#...#'#######
#####.#.#.#.##
#(.........# ..
#.#.......## ..
............# ..
###.#.!.....## ..
#......>.... ..
#.#.......#.


You could see a hobgoblin, 2 friendly crimson imps and a friendly white imp
(summoned).

Vanquished Creatures
  2 oozes (D:1)
  A dart slug (D:1)
  2 leopard geckos (D:1)
  A bat (D:1)
  2 goblins (D:1)
  2 frilled lizards (D:1)
  A rat (D:1)
11 creatures vanquished.

Vanquished Creatures (collateral kills)
  A leopard gecko (D:1)
  A giant cockroach (D:1)
  3 goblins (D:1)
  3 hobgoblins (D:1)
  A frilled lizard (D:1)
  4 kobolds (D:1)
  A rat (D:1)
14 creatures vanquished.

Grand Total: 25 creatures vanquished

Notes
Turn   | Place    | Note
-------+----------+-------------------------------------------
     0 | D:1      | sahdkjhfkaj the Ogre Summoner began the quest for the Orb.
     0 | D:1      | Reached XP level 1. HP: 16/16 MP: 3/3
   497 | D:1      | Reached skill level 4 in Summonings
   497 | D:1      | Reached XP level 2. HP: 13/24 MP: 3/5
   503 | D:1      | Learned a level 2 spell: Call Imp
  1344 | D:1      | Found an iron altar of Okawaru.
  1367 | D:1      | Reached XP level 3. HP: 10/31 MP: 1/6
  1619 | D:1      | Killed from afar by a white imp

Illustrated notes

Levels and vault maps discovered:
D:1:      dpeg_arrival_refuge, layout_basic, st_stairs_4,
          chequers_serial_rivers_small_b, okawaru_ov_weapons_minmay

Skill      XL: |  1 |
---------------+----+-----
Dodging        | 2 |  2.0
Summonings     | 4 |  4.3
Stealth        | |  1.7
Spellcasting   | |  2.4

Action                   || total
-------------------------++-------
Melee: Unarmed           ||    38
       Short sword       ||    17
       Dagger            ||     8
Throw: Stone             ||    33
 Cast: Summon Small Mamm ||     4
       Call Imp          ||    17
 Stab: Sleeping          ||     1
Armor: Robe              ||    32
Dodge: Dodged            ||    70

Table legend: (Time is in decaauts)
 A = Elapsed time spent in this place.
 B = Non-inter-level travel time spent in this place.
 C = Inter-level travel time spent in this place.
 D = Time resting spent in this place.
 E = Time spent auto-exploring this place.
 F = Levels seen in this place.
 G = Mean time per level.
                   A        B        C        D        E       F      G
               +--------+--------+--------+--------+--------+-----+--------+
         Total |   1623 |   1623 |      0 |      0 |   1372 |   1 | 1623.0 |
       Dungeon |   1623 |   1623 |      0 |      0 |   1372 |   1 | 1623.0 |
               +--------+--------+--------+--------+--------+-----+--------+

Top non-repeatable levels by time:
     D:1: 1623 daAuts
